 Dungeon Crawl Stone Soup version 0.21.1-1-g345015fe64 (webtiles) character file.

25 Ablot the Charmwright (level 3, -2/31 HPs)
             Began as a Gnoll Skald on July 29, 2018.
             Killed from afar by Sigmund (3 damage)
             ... with a magic dart
             ... on level 2 of the Dungeon.
             The game lasted 00:01:45 (908 turns).

Ablot the Charmwright (Gnoll Skald)                  Turns: 908, Time: 00:01:45

Health: -2/31      AC:  3    Str: 14    XL:     3   Next: 6%
Magic:  9/9        EV: 14    Int: 15    God:
Gold:   96         SH:  0    Dex: 14    Spells: 6/11 levels left

rFire    . . .     SeeInvis .   a - +0 falchion
rCold    . . .     Gourm    .   (no shield)
rNeg     . . .     Faith    .   b - +0 leather armour
rPois    .         Spirit   .   (no helmet)
rElec    .         Reflect  .   (no cloak)
rCorr    .         Harm     .   (no gloves)
MR       .....                  (no boots)
Stlth    +.........             (no amulet)
HPRegen  0.10/turn              (no ring)
MPRegen  0.11/turn              (no ring)

@: singing
A: distributed training, fangs 1, strong nose
a: no special abilities


You were on level 2 of the Dungeon.
You were not hungry.

You visited 1 branch of the dungeon, and saw 2 of its levels.

You collected 96 gold pieces.

Inventory:

Hand Weapons
 a - a +0 falchion (weapon)
 l - a cursed -2 dagger
Missiles
 k - 37 sling bullets
Armour
 b - a +0 leather armour (worn)
 f - a +0 buckler
Scrolls
 i - a scroll of enchant weapon {unknown}
 j - 2 scrolls of remove curse {unknown}
 m - a scroll of enchant armour {unknown}
Potions
 e - a potion of lignification {unknown}
 h - a potion of flight {unknown}
Books
 c - a book of Battle

   Spells                             Type                      Level
   a - Infusion                       Charms                       1
   b - Shroud of Golubria             Charms/Translocation         2
   c - Song of Slaying                Charms                       2
   d - Spectral Weapon                Hexes/Charms                 3
   e - Regeneration                   Charms/Necromancy            3
Comestibles
 d - a ration
 g - 5 chunks of flesh


   Skills:
 + Level 4.5 Fighting
 + Level 0.5 Short Blades
 + Level 4.5 Long Blades
 + Level 0.5 Axes
 + Level 0.5 Maces & Flails
 + Level 0.5 Polearms
 + Level 0.5 Staves
 + Level 0.5 Slings
 + Level 0.5 Bows
 + Level 0.5 Crossbows
 + Level 0.5 Throwing
 + Level 2.5 Armour
 + Level 4.5 Dodging
 + Level 0.5 Stealth
 + Level 0.5 Shields
 + Level 0.5 Unarmed Combat
 + Level 4.9 Spellcasting
 + Level 0.4 Conjurations
 + Level 0.4 Hexes
 + Level 5.4 Charms
 + Level 0.4 Summonings
 + Level 0.4 Necromancy
 + Level 0.4 Translocations
 + Level 0.4 Transmutations
 + Level 0.4 Fire Magic
 + Level 0.4 Ice Magic
 + Level 0.4 Air Magic
 + Level 0.4 Earth Magic
 + Level 0.4 Poison Magic
 + Level 0.7 Invocations
 + Level 0.5 Evocations


You had 6 spell levels left.
You knew the following spells:

 Your Spells              Type           Power        Failure   Level  Hunger
a - Infusion              Chrm           ###.         2%          1    None
b - Song of Slaying       Chrm           ###.....     3%          2    ##.....
c - Shroud of Golubria    Chrm/Tloc      ##........   9%          2    ##.....


Dungeon Overview and Level Annotations

Branches:
Dungeon (2/15)

Altars:

Annotations:
D:2 Sigmund


Innate Abilities, Weirdness & Mutations

Your experience applies equally to all skills.
You have very sharp teeth.
Your uncanny sense of smell can sniff out nearby items.


Message History

Casting: Song of Slaying
Confirm with . or Enter, or press ? or * to list all spells.
You don't know that spell.
You hit something. Your bite misses something. You closely miss something.
Something hits you.
You miss something. Something barely misses you.
You miss something. Your bite misses something.
Casting: Song of Slaying
Confirm with . or Enter, or press ? or * to list all spells.
You don't know that spell.
You hit something. Your bite misses something.
You hear some strange, mumbled words.
Something tries to affect you, but you resist.
You barely miss something. Something hits you!
* * * LOW HITPOINT WARNING * * *
You barely miss something. Your bite misses something.
You hear some strange, mumbled words.
A magic dart appears from out of thin air!
The magic dart hits you!
You die...

.........##..
...........@
...........
..........
#........# ##∆
#........# .#
+........# .#
#........#####.##.#
##.######..)@{....+
#.#####.#.#
######.##### ..
+#..........# .#
............# #
............#
............#
............#
....###.#####


There were no monsters in sight!

Vanquished Creatures
  An orc (D:2)
  4 bats
  2 giant cockroaches (D:1)
  5 goblins
  2 hobgoblins (D:1)
  A jackal (D:1)
  3 frilled lizards (D:1)
  A kobold (D:1)
  4 rats
23 creatures vanquished.

Notes
Turn   | Place    | Note
-------+----------+-------------------------------------------
     0 | D:1      | Ablot the Gnoll Skald began the quest for the Orb.
     0 | D:1      | Reached XP level 1. HP: 20/20 MP: 6/6
   169 | D:1      | Reached XP level 2. HP: 26/26 MP: 7/7
   817 | D:2      | Learned a level 2 spell: Song of Slaying
   820 | D:2      | Learned a level 2 spell: Shroud of Golubria
   839 | D:2      | Reached XP level 3. HP: 27/31 MP: 9/9
   881 | D:2      | Noticed Sigmund
   907 | D:2      | HP: 1/31 [something (11)]
   908 | D:2      | Killed from afar by Sigmund

Action                   || total
-------------------------++-------
Melee: Falchion          ||    89
       Bite              ||    12
       Punch             ||     1
 Cast: Song of Slaying   ||     1
Armor: Leather armour    ||    20
Dodge: Dodged            ||    67
       Rpst.: Falchion   ||    15
